 Dungeon Crawl Stone Soup version 0.18-b1-14-g029dad2 (webtiles) character file.

10274 varam the Cleaver (level 11, -1/101 HPs)
             Began as a Minotaur Berserker on Apr 30, 2016.
             Was a High Priest of Trog.
             Slain by an eight-headed hydra (6 damage)
             ... on level 11 of the Dungeon.
             The game lasted 00:33:40 (12774 turns).

varam the Cleaver (Minotaur Berserker)             Turns: 12774, Time: 00:33:41

Health: -1/101     AC: 14    Str: 29    XL:     11   Next: 34%
Magic:  10/10      EV:  7    Int:  4    God:    Trog [*****.]
Gold:   768        SH:  0    Dex: 14    Spells: 0 memorised, 10 levels left

rFire  + . .     SeeInvis .     w - +0 broad axe
rCold  . . .     Gourm    .     h - +0 plate armour
rNeg   . . .     Faith    .     N - +0 shield
rPois  .         Spirit   .     (helmet restricted)
rElec  +         Dismiss  .     (no cloak)
rCorr  .         Reflect  .     (no gloves)
SustAt .         Harm     .     (no boots)
MR     .....                    (no amulet)
Stlth  ..........               K - +3 ring of dexterity
                                O - ring "Ycoxenn" {*Confuse rElec rF+ Str+5}

@: confused, exhausted, slowed, very slow, not resistant to hostile
enchantments, extremely unstealthy
A: retaliatory headbutt, horns 2
a: Berserk, Trog's Hand, Brothers in Arms, Burn Spellbooks, Renounce Religion


You were on level 11 of the Dungeon.
You worshipped Trog.
Trog was extremely pleased with you.
You were hungry.

You visited 1 branch of the dungeon, and saw 12 of its levels.
You also visited: Sewer.

You collected 768 gold pieces.

Inventory:

Hand Weapons
 s - a +1 arbalest of evasion
 w - a +0 broad axe (weapon)
Armour
 h - a +0 plate armour (worn)
 G - the +1 scale mail of Too Many Cooks {rC+}
   (You found it on level 7 of the Dungeon)

   It protects you from cold.
 N - a +0 shield (worn)
Jewellery
 K - a +3 ring of dexterity (right hand)
 O - the ring "Ycoxenn" (left hand) {*Confuse rElec rF+ Str+5}
   (You found it on level 10 of the Dungeon)

   [ring of protection from fire]

   It affects your strength (+5).
   It protects you from fire.
   It insulates you from electricity.
   It may confuse you when you take damage.
Wands
 p - a wand of flame (22/48)
 r - a wand of flame (0/48)
 C - a wand of digging (10/24)
 D - a wand of confusion (28/48)
 I - a wand of digging (19/24)
 L - a wand of slowing (27/48)
Scrolls
 a - a scroll of immolation {unknown}
 e - 8 scrolls of remove curse
 j - 6 scrolls of recharging {unknown}
 k - 14 scrolls of identify {unknown}
 q - 4 scrolls of amnesia {unknown}
 u - 2 scrolls of fear {unknown}
 v - 2 scrolls of noise {unknown}
 y - 4 scrolls of teleportation {unknown}
 A - 3 scrolls of random uselessness {unknown}
 E - 2 scrolls of holy word {unknown}
 J - a scroll of magic mapping {unknown}
Potions
 b - 3 potions of magic {unknown}
 d - a potion of mutation {unknown}
 f - 2 potions of heal wounds {unknown}
 i - 4 potions of curing
 l - a potion of degeneration {unknown}
 m - 3 potions of haste
 n - a potion of ambrosia {unknown}
 o - 3 potions of resistance {unknown}
 t - a potion of invisibility {unknown}
 x - 2 potions of flight {unknown}
 z - 2 potions of might {unknown}
 H - a potion of brilliance {unknown}
 P - a potion of cancellation {unknown}
Comestibles
 c - 7 bread rations
 g - 2 meat rations
 B - 2 beef jerkies
 F - 2 fruits
 M - 9 chunks of flesh


   Skills:
 + Level 10.8 Fighting
 * Level 14.9 Axes
 - Level 10.2 Armour
 - Level 3.6 Dodging
 - Level 3.1 Shields


You had 10 spell levels left.
You didn't know any spells.

Dungeon Overview and Level Annotations

Branches:
Dungeon (12/15)            Temple (0/1) D:5            Lair (0/8) D:9
    Orc (0/2) D:11

Altars:
Ashenzari
Dithmenos
Kikubaaqudgha
Makhleb
Nemelex Xobeh
Okawaru
Pakellas
Ru
Sif Muna
Trog
Vehumet
Yredelemnul
Zin
The Shining One

Annotations:
D:11 Sonja


Innate Abilities, Weirdness & Mutations

You reflexively headbutt those who attack you in melee.
You have a pair of horns on your head.


Message History

The eight-headed hydra closely misses you.
The eight-headed hydra bites you but does no damage. x3
The eight-headed hydra bites you.
* * * LOW HITPOINT WARNING * * *
The eight-headed hydra closely misses you.
The eight-headed hydra barely misses you.
You are no longer berserk.
You are exhausted.
You feel yourself slow down.
You are feeling hungry.
The eight-headed hydra bites you.
* * * LOW HITPOINT WARNING * * *
The eight-headed hydra bites you but does no damage.
The eight-headed hydra bites you.
* * * LOW HITPOINT WARNING * * *
The eight-headed hydra bites you but does no damage.
The eight-headed hydra barely misses you.
The eight-headed hydra bites you but does no damage. x2
The eight-headed hydra bites you.
You die...

#
#...............#
#
##.....##..##...
# ########..# #
#...# # #...# #
########..# #
.......#'###'## #
........D.......
#
.......@........
#
................
#
................
#
.......#########
# ....... .......
....... #######


You could see an eight-headed hydra.

Vanquished Creatures
  Erolcha (D:9)
  An unseen horror (D:11)
  A hill giant (D:10)
  An ugly thing (D:11)
  A komodo dragon (D:10)
  A troll (D:10)
  Grinder (D:3)
  2 two-headed ogres
  4 yaks (D:11)
  A wyvern (D:8)
  A hippogriff (D:10)
  Eustachio (D:4)
  2 hungry ghosts
  Menkaure (D:6)
  4 wargs (D:11)
  The ghost of MTVSty1e the Covered, an amateur GrFi (D:4)
  Duvessa (D:7)
  2 orc warriors
  2 sky beasts
  2 phantoms
  4 ice beasts
  3 ogres
  4 centaurs
  2 crocodiles
  2 big kobolds (D:10)
  2 giant frogs
  A water moccasin zombie (D:6)
  Dowan (D:7)
  4 scorpions
  A wyvern skeleton (D:6)
  A water moccasin skeleton (D:7)
  12 killer bees
  8 wights (D:8)
  A howler monkey (D:6)
  A jelly (D:6)
  9 crimson imps
  2 giant frog zombies
  A wasp zombie (D:10)
  2 centaur skeletons
  9 hounds
  10 orc priests
  17 orc wizards
  Ijyb (D:2)
  4 worker ants
  A hound skeleton (D:4)
  5 river rats (Sewer)
  14 adders
  2 oozes
  2 adder zombies
  4 worms
  2 dart slugs (D:2)
  12 giant geckos
  29 orcs
  8 bats
  9 giant cockroaches
  15 goblins
  11 hobgoblins
  8 jackals
  6 quokkas
  3 ball pythons (Sewer)
  11 giant newts
  A jackal zombie (D:8)
  18 kobolds
  A quokka skeleton (D:4)
  11 rats
  A fungus (D:9)
307 creatures vanquished.

Vanquished Creatures (others)
  A fungus (D:9)
1 creature vanquished.

Grand Total: 308 creatures vanquished

Notes
Turn   | Place    | Note
--------------------------------------------------------------
     0 | D:1      | varam the Minotaur Berserker began the quest for the Orb.
     0 | D:1      | Reached XP level 1. HP: 19/19 MP: 0/0
   194 | D:1      | Reached XP level 2. HP: 19/27 MP: 1/1
   533 | D:1      | Reached skill level 4 in Axes
  1178 | D:1      | Reached XP level 3. HP: 32/34 MP: 2/2
  1278 | D:2      | Reached ** piety under Trog
  1287 | D:2      | Found an iron altar of Okawaru.
  1315 | D:2      | Noticed Ijyb
  1331 | D:2      | Killed Ijyb
  1331 | D:2      | Reached XP level 4. HP: 41/41 MP: 3/3
  1435 | D:2      | Found a glowing golden altar of the Shining One.
  1479 | D:2      | Reached skill level 5 in Fighting
  1745 | D:2      | Found a shadowy altar of Dithmenos.
  1775 | D:2      | Found a glowing silver altar of Zin.
  2049 | D:3      | Reached *** piety under Trog
  2049 | D:3      | Reached skill level 5 in Axes
  2049 | D:3      | Reached XP level 5. HP: 48/48 MP: 4/4
  2075 | D:3      | Noticed Grinder
  2083 | D:3      | Killed Grinder
  2083 | D:3      | Reached XP level 6. HP: 50/57 MP: 5/5
  2778 | D:4      | Noticed Eustachio
  3365 | D:4      | Killed Eustachio
  3365 | D:4      | Reached skill level 5 in Armour
  3365 | D:4      | Reached XP level 7. HP: 63/63 MP: 6/6
  3414 | D:4      | Found a sparkling altar of Nemelex Xobeh.
  3439 | D:4      | Found a radiant altar of Vehumet.
  3439 | D:4      | Found a burning altar of Makhleb.
  3683 | D:4      | Noticed MTVSty1e's ghost (amateur GrFi)
  3694 | D:4      | Killed MTVSty1e's ghost
  3694 | D:4      | Reached skill level 6 in Axes
  3857 | D:4      | Found a sacrificial altar of Ru.
  4011 | D:4      | Found an oddly glowing altar of Pakellas.
  4190 | D:4      | HP: 4/96 [ogre/giant club (14)]
  4627 | D:5      | Entered Level 5 of the Dungeon
  4630 | D:5      | Noticed a two-headed ogre
  4640 | D:5      | Killed a two-headed ogre
  4640 | D:5      | Reached skill level 7 in Axes
  4640 | D:5      | Reached XP level 8. HP: 73/73 MP: 7/7
  4745 | D:5      | Found a staircase to the Ecumenical Temple.
  5125 | D:5      | Found a glowing drain.
  5157 | Sewer    | Entered a sewer
  5209 | Sewer    | Reached **** piety under Trog
  5820 | D:5      | Found a bloodstained altar of Trog.
  5964 | D:6      | Received a gift from Trog
  6011 | D:6      | Reached skill level 8 in Axes
  6266 | D:6      | Reached skill level 1 in Shields
  6384 | D:6      | Noticed Menkaure
  6427 | D:6      | Killed Menkaure
  6427 | D:6      | Reached skill level 9 in Axes
  6427 | D:6      | Reached XP level 9. HP: 81/81 MP: 8/8
  6895 | D:7      | Noticed Dowan
  6908 | D:7      | Noticed Duvessa
  6921 | D:7      | Killed Duvessa
  6928 | D:7      | Found a bloodstained altar of Trog.
  6931 | D:7      | Killed Dowan
  6945 | D:7      | Found a shattered altar of Ashenzari.
  6980 | D:7      | Reached skill level 10 in Axes
  7342 | D:7      | Got a spiked scale mail
  7354 | D:7      | Identified the +1 scale mail of Too Many Cooks {rC+} (You found it on level 7 of the Dungeon)
  7955 | D:7      | Reached skill level 11 in Axes
  8235 | D:8      | Reached XP level 10. HP: 84/91 MP: 9/9
  8272 | D:8      | Reached ***** piety under Trog
  8518 | D:8      | Reached skill level 10 in Armour
  9237 | D:9      | Found a basalt altar of Yredelemnul.
  9476 | D:9      | Found a staircase to the Lair.
  9540 | D:9      | Found an ancient bone altar of Kikubaaqudgha.
  9740 | D:9      | Noticed Erolcha
  9760 | D:9      | Killed Erolcha
  9760 | D:9      | Reached skill level 12 in Axes
 10133 | D:10     | Entered Level 10 of the Dungeon
 10142 | D:10     | Received a gift from Trog
 10155 | D:10     | Got a bound platinum ring
 10156 | D:10     | Identified the ring "Ycoxenn" {*Confuse rElec rF+ Str+5} (You found it on level 10 of the Dungeon)
 10314 | D:10     | Reached skill level 10 in Fighting
 10314 | D:10     | Reached skill level 13 in Axes
 10384 | D:10     | Noticed a hill giant
 10638 | D:10     | Killed a hill giant
 10826 | D:10     | You fall through a shaft for 2 floors!
 11080 | D:10     | Got an ichor-stained ring mail
 11091 | D:10     | Identified the +0 ring mail of the Blind Marksman {*Drain *Confuse rPois Str+5} (You found it on level 10 of the Dungeon)
 11286 | D:10     | Reached XP level 11. HP: 101/101 MP: 10/10
 11359 | D:10     | Found a deep blue altar of Sif Muna.
 11528 | D:11     | Reached skill level 14 in Axes
 11731 | D:11     | Noticed Sonja
 12285 | D:11     | Noticed a white ugly thing
 12296 | D:11     | Killed a white ugly thing
 12299 | D:11     | Killed an unseen horror
 12610 | D:11     | Found a staircase to the Orcish Mines.
 12763 | D:11     | Noticed an eight-headed hydra
 12774 | D:11     | HP: 5/101 [eight-headed hydra (1)]
 12774 | D:11     | Slain by an eight-headed hydra

Skill      XL: |  1  2  3  4  5  6  7  8  9 10 11 |
---------------+----------------------------------+-----
Fighting       | 4 5 6 7 9 10 | 10.8
Axes           | 4 5 7 9 11 13 14 | 14.9
Armour         | 3 4 5 7 8 9 10 | 10.2
Dodging        | 3 |  3.6
Shields        | 1 3 |  3.1

Action                   |  1- 3 |  4- 6 |  7- 9 | 10-12 || total
-------------------------+-------+-------+-------+-------++-------
Melee: Hand axe          |    73 |   100 |    76 |     6 ||   255
       Headbutt          |     8 |    19 |    67 |    73 ||   167
       Broad axe         |       |       |   311 |   274 ||   585
Invok: Berserk           |     2 |     3 |     8 |    10 ||    23
       Trog's Hand       |       |       |     2 |     2 ||     4
  Use: Scroll            |       |       |       |     3 ||     3
  Eat: Bread ration      |     1 |     2 |     2 |     2 ||     7
       Chunk             |       |     4 |    12 |    12 ||    28
       Beef jerky        |       |       |     1 |       ||     1
       Royal jelly       |       |       |     1 |       ||     1
       Fruit             |       |       |       |     5 ||     5
Armor: Plate armour      |    40 |   107 |   217 |   147 ||   511
       Animal skin       |     1 |       |       |       ||     1
Dodge: Dodged            |    41 |    66 |   123 |    80 ||   310
Block: Buckler           |       |       |    51 |    10 ||    61
       Shield            |       |       |       |    91 ||    91
